 Dungeon Crawl Stone Soup version 0.24.1-14-gf8d2b509d9 (webtiles) character file.

Game seed: 1606181943347261145, levelgen mode: deterministic

406 Descartes the Shield-Bearer (level 7, 0/55 HPs)
             Began as a Formicid Fighter on May 18, 2020.
             Was an Initiate of Gozag.
             Slain by Pikel
             ... wielding a +2 whip of electrocution
              (6 damage)
             ... on level 4 of the Dungeon on May 19, 2020.
             The game lasted 00:09:18 (3799 turns).

Descartes the Shield-Bearer (Formicid Fighter)      Turns: 3799, Time: 00:09:19

Health: 0/55       AC: 11    Str: 26    XL:     7   Next: 12%
Magic:  11/11      EV:  9    Int:  9    God:    Gozag
Gold:   97         SH: 11    Dex: 10    Spells: 11/11 levels left

rFire    . . .     SeeInvis +   a - +0 long sword
rCold    . . .     Gourm    .   c - +0 shield
rNeg     . . .     Faith    .   b - +0 scale mail
rPois    .         Spirit   .   (helmet unavailable)
rElec    .         Reflect  .   (no cloak)
rCorr    .         Harm     .   g - +2 pair of gloves
MR       .....                  p - +0 pair of boots
Stlth    ..........             (no amulet)
HPRegen  0.18/turn              o - ring of wizardry
MPRegen  0.12/turn              (no ring)

@: mighty
A: permanent stasis, dig shafts and tunnels, four strong arms, antennae 3
a: Dig, Shaft Self, Potion Petition, Call Merchant, Bribe Branch, Renounce
Religion


You were on level 4 of the Dungeon.
You worshipped Gozag.
Gozag was noncommittal.
You were hungry.

You visited 2 branches of the dungeon, and saw 5 of its levels.

You collected 163 gold pieces.
You paid 66 gold pieces to Gozag.

Inventory:

Hand Weapons
 a - a +0 long sword (weapon)
 i - a +0 whip of venom
Missiles
 e - 54 stones (quivered)
 q - 32 arrows
 y - 2 boomerangs
Armour
 b - a +0 scale mail (worn)
 c - a +0 shield (worn)
 g - a +2 pair of gloves (worn)
 p - a +0 pair of boots (worn)
Jewellery
 o - a ring of wizardry (left hand)
Scrolls
 h - a scroll of immolation {unknown}
 j - 7 scrolls of remove curse
 l - 3 scrolls of identify {unknown}
 m - a scroll of enchant armour {unknown}
 n - 2 scrolls of amnesia {unknown}
 r - a scroll of blinking {unknown}
 s - a scroll of fog {unknown}
 v - a scroll of fear {unknown}
 B - a scroll of teleportation {unknown}
Potions
 k - a potion of ambrosia {unknown}
 t - a potion of lignification {unknown}
 u - a potion of curing
 w - a potion of degeneration {unknown}
 x - a potion of heal wounds {unknown}
 z - a potion of flight {unknown}
Comestibles
 f - 5 rations


   Skills:
 + Level 4.6 Fighting
 - Level 2.1 Long Blades
 + Level 4.6 Armour
 * Level 6.2 Shields
 + Level 2.6 Spellcasting


You had 11 spell levels left.
You didn't know any spells.
Your spell library was empty.

Dungeon Overview and Level Annotations

Branches:
Dungeon (4/15)             Temple (1/1) D:4

Altars:
Ashenzari
Cheibriados
Dithmenos
Elyvilon
Fedhas
Gozag
Hepliaklqana
Kikubaaqudgha
Makhleb
Nemelex Xobeh
Okawaru
Qazlal
Ru
Sif Muna
Trog
Uskayaw
Vehumet
Wu Jian
Zin
The Shining One

Annotations:
D:4 Pikel


Innate Abilities, Weirdness & Mutations

You cannot be hasted, slowed, berserked, paralysed or teleported.
You can dig through walls and to a lower floor.
Your four strong arms can wield two-handed weapons with a shield.
You have a pair of large antennae on your head. (SInv)


Message History

* * * LOW HITPOINT WARNING * * *
You feel very mighty all of a sudden. You block Pikel's attack.
You block the slave's attack.
You barely miss Pikel.
Pikel is moderately wounded.
You block Pikel's attack. You block the slave's attack.
Pikel hits you with a +2 whip of electrocution.
* * * LOW HITPOINT WARNING * * *
You closely miss Pikel.
Pikel is moderately wounded.
You block the slave's attack. Pikel closely misses you.
You slash Pikel!
Pikel is heavily wounded.
The slave barely misses you. Pikel hits you but does no damage.
The slave closely misses you.
You closely miss Pikel.
Pikel is heavily wounded.
Pikel hits you with a +2 whip of electrocution.
You die...
Your body crumbles into a pile of gold.

#.# ..o.... #.# # ####### #.#.#
# #.#####.#p# ### # ..........#
#.# ###. #p# ###'### ... #p#
#.....####. .#######p########
###.#'#.### # .........#.#.#K@##
#.'.#>#.'.###
........p.#.#p##p###.#.###.#....
..######.###p####.##.#.....###.#
...####.####.#.##.#.###+### #.#
.........# ##.#..##.# #.# #.#
.#.####..##########.###.# #.#
#..............<..# #.#
#.################# #.# #.# #.#


You could see Pikel and 3 slaves.

Vanquished Creatures
  Sigmund (D:3)
  A slave (D:4)
  An orc priest (D:4)
  4 orc wizards (D:4)
  2 adders
  An ooze (D:2)
  A worm (D:2)
  3 dart slugs
  3 leopard geckos
  11 orcs
  2 ball pythons
  6 giant cockroaches
  7 hobgoblins
  4 jackals (D:3)
  6 bats
  4 frilled lizards
  7 goblins
  10 kobolds
  8 rats
82 creatures vanquished.

Notes
Turn   | Place    | Note
-------+----------+-------------------------------------------
     0 | D:1      | Descartes the Formicid Fighter began the quest for the Orb.
     0 | D:1      | Reached XP level 1. HP: 18/18 MP: 1/1
   195 | D:1      | Reached XP level 2. HP: 19/24 MP: 2/2
   441 | D:1      | Reached skill level 4 in Shields
   575 | D:1      | Reached XP level 3. HP: 18/29 MP: 3/3
   957 | D:2      | Found a shadowy altar of Dithmenos.
  1283 | D:2      | Reached skill level 1 in Spellcasting
  1459 | D:2      | Reached XP level 4. HP: 27/37 MP: 5/5
  1994 | D:3      | Found a glowing silver altar of Zin.
  2032 | D:3      | Found a sacrificial altar of Ru.
  2178 | D:3      | Found a radiant altar of Vehumet.
  2287 | D:3      | Noticed Sigmund
  2301 | D:3      | Killed Sigmund
  2301 | D:3      | Reached skill level 5 in Shields
  2301 | D:3      | Reached XP level 5. HP: 17/43 MP: 6/8
  2301 | D:3      | Reached XP level 6. HP: 19/49 MP: 6/9
  3262 | D:4      | Reached skill level 6 in Shields
  3399 | D:4      | Reached XP level 7. HP: 31/55 MP: 10/10
  3550 | D:4      | Found a staircase to the Ecumenical Temple.
  3561 | Temple   | Entered the Ecumenical Temple
  3690 | Temple   | Became a worshipper of Gozag Ym Sagoz the Greedy
  3752 | D:4      | Noticed Pikel
  3799 | D:4      | Slain by Pikel

Levels and vault maps discovered:
D:1:      lightli_arrival_windingriver, layout_basic, corexii_hall_statues_x
D:2:      layout_loops_cross, nicolae_dithmenos_shadow_blocks, first_ration,
          minmay_unequal
D:3:      minmay_diamond_boxcup, layout_basic,
          gammafunk_temple_overflow_forgotten, chequers_serial_rivers_room_a,
          uniq_sigmund
D:4:      layout_loops_ring, yredelemnul_forgotten_temple_becter,
          minmay_temple_entry_glassed_door, lemuel_angel_altar, uniq_pikel
Temple:   nicolae_temple_elliptical

Skill      XL: |  1  2  3  4  5  6 |
---------------+-------------------+-----
Shields        | 4 5 6 |  6.2
Spellcasting   | 1 2 |  2.6
Fighting       | 4 |  4.6
Armour         | 4 |  4.6
Long Blades    | |  2.1

Action                   |  1- 3 |  4- 6 |  7- 9 || total
-------------------------+-------+-------+-------++-------
Melee: Long sword        |   134 |   170 |    36 ||   340
 Abil: Dig               |       |     2 |     1 ||     3
  Use: Scroll            |       |     1 |       ||     1
       Potion            |       |       |     2 ||     2
  Eat: Chunk             |     2 |     5 |       ||     7
       Ration            |       |       |     1 ||     1
Armor: Scale mail        |    67 |    76 |    22 ||   165
Dodge: Dodged            |    43 |    40 |    17 ||   100
Block: Shield            |    74 |    84 |    19 ||   177
       Rpst.: Long sword |    14 |     5 |     6 ||    25
